 Dungeon Crawl Stone Soup version 0.23.2-33-g5129a83184 (webtiles) character file.

Game seed: 5448817259685684357

11069 raph the Thaumaturge (level 11, 0/57 HPs)
             Began as a Deep Elf Wizard on June 30, 2019.
             Was an Elder of Kikubaaqudgha.
             Slain by a wolf (3 damage)
             ... on level 1 of the Lair of Beasts.
             The game lasted 00:54:51 (13497 turns).

raph the Thaumaturge (Deep Elf Wizard)             Turns: 13497, Time: 00:54:52

Health: 0/57       AC: 10    Str: 14    XL:     11   Next: 44%
Magic:  4/39       EV: 14    Int: 28    God:    Kikubaaqudgha [****..]
Gold:   570        SH:  0    Dex: 14    Spells: 2/36 levels left

rFire    . . .     SeeInvis .   a - +6 dagger
rCold    . . .     Gourm    +   (no shield)
rNeg     . . .     Faith    .   v - +2 robe {MR+}
rPois    .         Spirit   .   m - +1 helmet {Int+3}
rElec    .         Reflect  .   x - +1 cloak
rCorr    +         Harm     .   I - +0 pair of gloves of the Dolphin {rCorr MP+9 Str+6 Slay-4}
MR       ++...                  r - +0 pair of boots
Stlth    +++.......             q - amulet of the gourmand
HPRegen  0.19/turn              L - +3 ring of strength
MPRegen  0.26/turn              B - ring of stealth

@: very slightly contaminated
A: no striking features
a: Receive Corpses, Renounce Religion


You were on level 1 of the Lair of Beasts.
You worshipped Kikubaaqudgha.
Kikubaaqudgha was greatly pleased with you.
You were very full.

You visited 3 branches of the dungeon, and saw 12 of its levels.
You also visited: Ossuary.

You collected 592 gold pieces.
You spent 22 gold pieces at shops.

Inventory:

Hand Weapons
 a - a +6 dagger (weapon)
 c - a +0 dagger
 z - a +2 dagger of electrocution
Missiles
 e - 13 tomahawks (quivered)
 g - a throwing net
Armour
 m - a +1 helmet of intelligence (worn)
 r - a +0 pair of boots (worn)
 v - a +2 robe of magic resistance (worn)
 x - a +1 cloak (worn)
 I - the +0 pair of gloves of the Dolphin (worn) {rCorr MP+9 Str+6 Slay-4}
   (You found it on level 7 of the Dungeon)

   It affects your strength (+6).
   It affects your accuracy and damage with ranged weapons and melee attacks
   (-4).
   It affects your magic capacity (+9).
   It provides partial protection from all sources of acid and corrosion.
Magical Staves
 b - an uncursed staff of fire
Jewellery
 q - an amulet of the gourmand (around neck)
 w - an uncursed ring of poison resistance
 B - a ring of stealth (right hand)
 F - an uncursed ring of see invisible
 J - an uncursed amulet of rage
 L - a +3 ring of strength (left hand)
Wands
 t - a wand of clouds (4)
 y - a wand of paralysis (8)
 C - a wand of iceblast (9)
 G - a wand of polymorph (10)
Scrolls
 i - 3 scrolls of magic mapping
 k - 13 scrolls of remove curse
 p - 5 scrolls of identify
 K - a scroll of fog
Potions
 f - 2 potions of haste
 l - 7 potions of curing
 o - 5 potions of resistance
 s - 4 potions of agility
 u - 7 potions of brilliance
 A - 2 potions of flight
Miscellaneous
 M - a fan of gales
Comestibles
 d - 23 rations


   Skills:
 + Level 2.2 Fighting
 + Level 2.8 Short Blades
 + Level 4.4 Dodging
 - Level 2.4 Stealth
 * Level 13.2 Spellcasting
 - Level 9.1 Conjurations
 - Level 1.1 Summonings
 - Level 10.5 Necromancy
 - Level 1.1 Translocations
 - Level 2.2 Air Magic
 - Level 7.8 Poison Magic


You had 2 spell levels left.
You knew the following spells:

 Your Spells              Type           Power        Failure   Level  Hunger
a - Magic Dart            Conj           ####         1%          1    None
b - Blink                 Tloc           N/A          2%          2    None
c - Call Imp              Summ           ###.....     2%          2    None
d - Conjure Flame         Conj/Fire      #####...     1%          3    None
e - Mephitic Cloud        Conj/Pois/Air  ######..     1%          3    None
f - Sting                 Conj/Pois      ####         1%          1    None
g - Venom Bolt            Conj/Pois      ######....   2%          5    ##.....
h - Pain                  Necr           ####         1%          1    None
i - Sublimation of Blood  Necr           ######....   1%          2    None
j - Vampiric Draining     Necr           ######....   1%          3    None
k - Bolt of Draining      Conj/Necr      ######....   1%          5    ##.....
l - Animate Dead          Necr           N/A          1%          4    None
m - Swiftness             Chrm/Air       ###.....     2%          2    None

Your spell library contained the following spells:

 Spells                   Type           Power        Failure   Level  Hunger
 Shock                    Conj/Air       ####         1%          1    None
 Corpse Rot               Necr           N/A          1%          2    None
 Poisonous Vapours        Pois/Air       #####.       1%          2    None
 Slow                     Hex            ###.....     4%          2    None
 Static Discharge         Conj/Air       ######..     1%          3    None
 Olgreb's Toxic Radiance  Pois           ######..     1%          4    None
 Agony                    Necr           ######..     1%          5    ##.....
 Dispel Undead            Necr           ######..     1%          5    ##.....
 Lightning Bolt           Conj/Air       ######....   8%          5    ##.....
 Excruciating Wounds      Chrm/Necr      #####.....   9%          5    ##.....
 Airstrike                Air            ####......   12%         4    None
 Ice Form                 Ice/Tmut       ###.....     28%         4    None
 Simulacrum               Ice/Necr       #####.....   45%         6    ####...
 Bolt of Cold             Conj/Ice       #####.....   56%         6    ####...
 Metabolic Englaciation   Hex/Ice        ###.......   63%         5    ##.....
 Freezing Cloud           Conj/Ice/Air   #####.....   67%         6    ####...
 Ozocubu's Refrigeration  Ice            ###.......   99%         6    ####...


Dungeon Overview and Level Annotations

Branches:
Dungeon (10/15)            Temple (1/1) D:5            Lair (1/6) D:10
    Orc (0/2) D:10

Altars:
Ashenzari
Cheibriados
Dithmenos
Elyvilon
Fedhas
Gozag
Hepliaklqana
Kikubaaqudgha
Makhleb
Nemelex Xobeh
Okawaru
Qazlal
Ru
Trog
Uskayaw
Vehumet
Wu Jian
Xom
Yredelemnul
Zin
The Shining One

Shops:
D:6 %(   D:9 *   D:10 =

Annotations:
D:7 exclusions: hydra and 1 more exclusion


Message History

Aiming: Cloud Cone
Press: ? - help, Dir - move target cursor, f - wolf, p - wolf
Aim: a wolf You create a blast of noxious fumes!
You flicker back into view.
The wolf bites you.
* * * LOW HITPOINT WARNING * * *
The wolf barely misses you.
The wolf is engulfed in noxious fumes.
The wolf appears confused.
The wolf misses the wolf.
The wolf is engulfed in noxious fumes.
The wolf appears confused.
The wolf closely misses the wolf.
The wolf is engulfed in noxious fumes. x2
The wolf appears confused.
The wolf bites you.
* * * LOW HITPOINT WARNING * * *
The wolf is engulfed in noxious fumes.
The wolf appears confused.
The wolf bites the wolf.
The wolf bites you.
* * * LOW HITPOINT WARNING * * *
The wolf barely misses you.
The wolf is engulfed in noxious fumes.
The wolf appears confused.
The wolf bites you.
You die...
Kikubaaqudgha rasps: "You have failed me!
Welcome... death!"

♣........♣##...
........%♣..#...
................##
.....%......♣.?.P
....................# ..
............%....♣.P ..
...........hh....%.# ...
.........hh@h......# ...P
.......h8.hhh......## #....
?.......h.hhh.......# #...#
........Fh§h§.....####....#
♣......§.§§h§§..♣♣###....#
.................###h...P#
.....t..........♣#.....###
.♣.........h....##....#.#
♣♣...%..............####


You could see a crocodile, 17 wolves and a bullfrog.

Vanquished Creatures
  Gastronok (D:10)
  Erica (D:9)
  A hydra (D:7)
  3 two-headed ogres
  Joseph (D:9)
  A troll (D:9)
  4 hippogriffs
  A wyvern (D:10)
  A water moccasin (D:10)
  4 ice beasts
  A black bear (D:10)
  2 orc warriors
  3 sky beasts
  4 centaurs
  3 phantoms
  10 wolves (Lair:1)
  Blork the orc (D:6)
  2 elf zombies (Ossuary)
  2 big kobolds
  4 bullfrogs
  A gnoll sergeant (D:9)
  A scorpion (D:10)
  2 centaur zombies (Ossuary)
  3 crimson imps
  6 orc priests
  16 orc wizards
  4 hounds
  3 centaur skeletons
  2 bullfrog skeletons
  2 iguanas
  A gnoll shaman (D:8)
  10 worker ants
  2 big kobold zombies (Ossuary)
  2 mummies (Ossuary)
  2 worker ant zombies
  8 gnolls
  A howler monkey zombie (D:7)
  8 adders
  A shadow imp (D:7)
  An adder skeleton (D:5)
  2 adder zombies
  4 worms
  3 dart slugs
  6 leopard geckos
  49 orcs
  5 bats
  8 giant cockroaches
  7 goblins
  5 hobgoblins
  12 jackals
  13 kobolds
  3 quokkas
  A ball python (D:4)
  3 frilled lizards
  A goblin zombie (Ossuary)
  8 hobgoblin zombies (Ossuary)
  A jackal skeleton (D:7)
  A jackal zombie (Ossuary)
  12 kobold zombies (Ossuary)
  A leopard gecko skeleton (D:9)
  6 orc zombies (Ossuary)
  A quokka skeleton (D:4)
  6 rats
284 creatures vanquished.

Vanquished Creatures (collateral kills)
  3 wolves (Lair:1)
  A crimson imp (D:10)
  A big kobold zombie (Ossuary)
  3 jackals
8 creatures vanquished.

Grand Total: 292 creatures vanquished

Notes
Turn   | Place    | Note
-------+----------+-------------------------------------------
     0 | D:1      | raph the Deep Elf Wizard began the quest for the Orb.
     0 | D:1      | Reached XP level 1. HP: 10/10 MP: 7/7
   357 | D:1      | Reached XP level 2. HP: 15/15 MP: 7/9
   497 | D:1      | Learned a level 2 spell: Blink
   500 | D:1      | Learned a level 2 spell: Call Imp
  1130 | D:2      | Reached XP level 3. HP: 19/19 MP: 8/11
  1135 | D:2      | Learned a level 3 spell: Conjure Flame
  1139 | D:2      | Learned a level 3 spell: Mephitic Cloud
  1244 | D:2      | Reached skill level 5 in Spellcasting
  1343 | D:2      | Found a stormy altar of Qazlal.
  1516 | D:2      | Found a bloodstained altar of Trog.
  2012 | D:2      | Reached XP level 4. HP: 24/24 MP: 5/13
  2343 | D:2      | Noticed a +0 hand axe
  2343 | D:2      | Noticed a +0 dagger
  2396 | D:2      | Found a hide-covered altar of Uskayaw.
  2925 | D:3      | Reached skill level 1 in Poison Magic
  3511 | D:4      | Reached skill level 1 in Air Magic
  3753 | D:4      | Reached XP level 5. HP: 28/28 MP: 12/14
  4100 | D:4      | Found a basalt altar of Yredelemnul.
  4244 | D:5      | Entered Level 5 of the Dungeon
  4448 | D:5      | Noticed an ice beast
  4522 | D:5      | Reached XP level 6. HP: 31/32 MP: 0/16
  4526 | D:5      | Killed an ice beast
  4526 | D:5      | Reached skill level 6 in Spellcasting
  4526 | D:5      | Reached skill level 5 in Conjurations
  4679 | D:5      | Learned a level 1 spell: Sting
  4685 | D:5      | Learned a level 5 spell: Venom Bolt
  4792 | D:5      | Reached XP level 7. HP: 36/36 MP: 8/18
  4915 | D:5      | Found a staircase to the Ecumenical Temple.
  4920 | Temple   | Entered the Ecumenical Temple
  5017 | Temple   | Became a worshipper of Kikubaaqudgha
  5100 | D:5      | Reached skill level 1 in Necromancy
  5482 | D:5      | Noticed a hippogriff
  5491 | D:5      | Killed a hippogriff
  5752 | D:5      | Found an ornate altar of the Wu Jian Council.
  6171 | D:6      | Reached XP level 8. HP: 41/41 MP: 13/20
  6192 | D:6      | Reached skill level 5 in Poison Magic
  6234 | D:6      | Found Moup's Food Emporium.
  6366 | D:6      | Noticed Blork the orc
  6372 | D:6      | Killed Blork the orc
  6372 | D:6      | Reached skill level 7 in Spellcasting
  6615 | D:6      | Found a blossoming altar of Fedhas.
  6872 | D:6      | Found Ocyfuergh's Antique Weapon Shop.
  7002 | D:6      | Found a shattered altar of Ashenzari.
  7588 | D:7      | Noticed a hippogriff
  7605 | D:7      | Killed a hippogriff
  7822 | D:7      | Reached * piety under Kikubaaqudgha
  7822 | D:7      | Identified Kikubaaqudgha's Papyrus of Black Arts
                  | (Kikubaaqudgha gifted it to you on level 7 of the Dungeon)
  7822 | D:7      | Received a gift from Kikubaaqudgha
  7863 | D:7      | Reached XP level 9. HP: 34/45 MP: 6/22
  7938 | D:7      | Learned a level 1 spell: Pain
  7941 | D:7      | Learned a level 2 spell: Sublimation of Blood
  7945 | D:7      | Learned a level 3 spell: Vampiric Draining
  8152 | D:7      | Noticed a five-headed hydra
  8153 | D:7      | Noticed a skeletal warrior
  8250 | D:7      | Reached skill level 8 in Spellcasting
  8289 | D:8      | Noticed a two-headed ogre
  8802 | D:8      | Found a sand-covered staircase.
  8805 | Ossuary  | Entered an ossuary
  8919 | Ossuary  | Reached ** piety under Kikubaaqudgha
  9519 | D:8      | Reached skill level 1 in Short Blades
  9668 | D:8      | Noticed a two-headed ogre
  9674 | D:8      | Killed a two-headed ogre
  9674 | D:8      | Reached skill level 1 in Fighting
  9674 | D:8      | Reached skill level 5 in Necromancy
  9908 | D:8      | Reached *** piety under Kikubaaqudgha
  9908 | D:8      | Identified Kikubaaqudgha's Almanac of Stolen Souls
                  | (Kikubaaqudgha gifted it to you on level 8 of the Dungeon)
  9908 | D:8      | Received a gift from Kikubaaqudgha
 10041 | D:8      | Found a glowing silver altar of Zin.
 10123 | D:8      | Killed a two-headed ogre
 10123 | D:8      | Reached skill level 9 in Spellcasting
 10123 | D:8      | Reached XP level 10. HP: 52/52 MP: 3/25
 10245 | D:8      | Learned a level 5 spell: Bolt of Draining
 10549 | D:7      | Got a pair of twisted gloves
 10560 | D:7      | Identified the +0 pair of gloves of the Dolphin {rCorr MP+9
                  | Str+6 Slay-4} (You found it on level 7 of the Dungeon)
 10633 | D:7      | Killed a five-headed hydra
 10633 | D:7      | Reached skill level 10 in Spellcasting
 10959 | D:9      | Noticed a two-headed ogre
 10970 | D:9      | Killed a two-headed ogre
 10970 | D:9      | Reached skill level 11 in Spellcasting
 11910 | D:9      | Found Rikogeel's General Store.
 11916 | D:9      | Bought a scroll of identify for 22 gold pieces
 11935 | D:9      | Noticed Joseph
 11940 | D:9      | Killed Joseph
 12036 | D:9      | Found a white marble altar of Elyvilon.
 12117 | D:9      | Noticed Erica
 12122 | D:9      | Killed Erica
 12122 | D:9      | Reached skill level 12 in Spellcasting
 12334 | D:10     | Entered Level 10 of the Dungeon
 12334 | D:10     | Found Gin Cutz's Jewellery Emporium.
 12334 | D:10     | Found a staircase to the Lair.
 12336 | D:10     | Reached XP level 11. HP: 56/56 MP: 29/29
 12526 | D:10     | Learned a level 4 spell: Animate Dead
 12552 | D:10     | Learned a level 2 spell: Swiftness
 12582 | D:10     | Noticed Gastronok
 12587 | D:10     | Killed Gastronok
 12587 | D:10     | Reached skill level 10 in Necromancy
 12974 | D:10     | Reached **** piety under Kikubaaqudgha
 13136 | D:10     | Found a staircase to the Orcish Mines.
 13436 | Lair:1   | Entered Level 1 of the Lair of Beasts
 13441 | Lair:1   | Reached skill level 13 in Spellcasting
 13497 | Lair:1   | Slain by a wolf

Skill      XL: |  1  2  3  4  5  6  7  8  9 10 11 |
---------------+----------------------------------+-----
Conjurations   | 2 3 4 5 6 8 9 |  9.1
Spellcasting   | 5 6 7 9 12 13 | 13.2
Poison Magic   | 1 2 3 4 6 7 |  7.8
Air Magic      | 1 2 |  2.2
Necromancy     | 2 4 6 9 10 | 10.5
Short Blades   | 2 |  2.8
Fighting       | 1 2 |  2.2
Dodging        | 3 4 |  4.4
Stealth        | |  2.4
Summonings     | |  1.1
Translocations | |  1.1

Action                   |  1- 3 |  4- 6 |  7- 9 | 10-12 || total
-------------------------+-------+-------+-------+-------++-------
Melee: Dagger            |    20 |    66 |   106 |    82 ||   274
Throw: Tomahawk          |       |       |     3 |       ||     3
 Cast: Magic Dart        |    81 |    76 |   180 |    24 ||   361
       Call Imp          |     2 |     3 |    12 |       ||    17
       Conjure Flame     |     3 |     7 |    33 |     1 ||    44
       Blink             |     2 |     3 |     2 |    10 ||    17
       Mephitic Cloud    |     1 |    10 |    12 |     5 ||    28
       Sting             |       |     9 |    45 |       ||    54
       Venom Bolt        |       |       |    34 |    16 ||    50
       Pain              |       |       |     4 |       ||     4
       Sublimation of Bl |       |       |     3 |       ||     3
       Bolt of Draining  |       |       |       |    45 ||    45
       Animate Dead      |       |       |       |     4 ||     4
       Vampiric Draining |       |       |       |     1 ||     1
Evoke: Wand              |       |       |       |     1 ||     1
  Use: Scroll            |       |    11 |    11 |     4 ||    26
       Potion            |       |     3 |       |     5 ||     8
 Stab: Confused          |     1 |     2 |       |       ||     3
       Sleeping          |       |     1 |       |     2 ||     3
       Distracted        |       |       |     1 |     1 ||     2
  Eat: Chunk             |     3 |    17 |    23 |    17 ||    60
Armor: Robe              |    11 |     7 |    38 |    67 ||   123
       Skin              |       |    43 |       |       ||    43
Dodge: Dodged            |    20 |    24 |    66 |   125 ||   235
